 Dungeon Crawl Stone Soup version 0.24-a0-639-gb70a11d811 (webtiles) character file.

Game seed: 752325622934685264, levelgen mode: deterministic

22 Masnef the Grasshopper (level 3, -2/27 HPs)
             Began as a Human Warper on Sept 21, 2019.
             Killed from afar by a white imp (9 damage)
             ... with a puff of frost
             ... summoned by Natasha
             ... on level 2 of the Dungeon.
             The game lasted 00:02:14 (850 turns).

Masnef the Grasshopper (Human Warper)                Turns: 850, Time: 00:02:15

Health: -2/27      AC:  3    Str: 17    XL:     3   Next: 7%
Magic:  6/6        EV: 11    Int: 13    God:
Gold:   52         SH:  3    Dex: 12    Spells: 2/6 levels left

rFire    . . .     SeeInvis .   a - +0 falchion
rCold    . . .     Gourm    .   r - +0 buckler
rNeg     . . .     Faith    .   b - +0 leather armour
rPois    .         Spirit   .   (no helmet)
rElec    .         Reflect  .   (no cloak)
rCorr    .         Harm     .   (no gloves)
MR       .....                  (no boots)
Stlth    ..........             (no amulet)
HPRegen  0.09/turn              g - ring of attention (curse)
MPRegen  0.10/turn              o - +5 ring of strength

@: no status effects
A: no striking features
a: no special abilities


You were on level 2 of the Dungeon.
You were not hungry.

You visited 1 branch of the dungeon, and saw 2 of its levels.

You collected 52 gold pieces.

Inventory:

Hand Weapons
 a - a +0 falchion (weapon)
Missiles
 e - 5 boomerangs of dispersal (quivered)
Armour
 b - a +0 leather armour (worn)
 r - a +0 buckler (worn)
Jewellery
 g - a cursed ring of attention (left hand)
 o - a +5 ring of strength (right hand)
Scrolls
 d - a scroll of blinking
 h - a scroll of noise {unknown}
 p - a scroll of fear {unknown}
 q - 2 scrolls of enchant weapon {unknown}
Potions
 c - a potion of haste {unknown}
 i - a potion of might {unknown}
 j - a potion of magic {unknown}
 l - 2 potions of degeneration {unknown}
 m - a potion of flight {unknown}
 n - a potion of ambrosia {unknown}
Comestibles
 f - 2 rations
 k - 4 chunks of flesh


   Skills:
 - Level 2.0 Fighting
 + Level 3.1 Long Blades
 - Level 1.0 Throwing
 - Level 1.0 Armour
 * Level 2.0 Dodging
 - Level 2.0 Spellcasting
 * Level 3.1 Translocations


You had 2 spell levels left.
You knew the following spells:

 Your Spells              Type           Power        Failure   Level  Hunger
a - Blink                 Tloc           N/A          22%         2    ###....
b - Shroud of Golubria    Chrm/Tloc      #.....       38%         2    ###....

Your spell library contained the following spells:

 Spells                   Type           Power        Failure   Level  Hunger
 Gell's Gravitas          Tloc           #.........   41%         3    ####...
 Lesser Beckoning         Tloc           #.........   41%         3    ####...
 Teleport Other           Tloc           #.......     41%         3    ####...
 Passage of Golubria      Tloc           N/A          82%         4    #####..


Dungeon Overview and Level Annotations

Branches:
Dungeon (2/15)

Altars:

Annotations:
D:2 Natasha


Message History

The puff of frost hits you!
* * * LOW HITPOINT WARNING * * *
You barely miss Natasha.
Natasha is heavily wounded.
Natasha claws you.
* * * LOW HITPOINT WARNING * * *
You block the white imp's attack. Natasha barely misses you.
Unknown command.
You closely miss Natasha.
Natasha is heavily wounded.
The white imp barely misses you.
Natasha howls an incantation.
Natasha glows brightly for a moment.
Natasha claws you but does no damage.
Unknown command.
You barely miss Natasha.
Natasha is heavily wounded.
The white imp gestures at you. The puff of frost hits you!
You die...

#.......##
##.#.#####
##.....##
###.#
###...##
#.# #
##+## #.#
# #.# #.#
#.# #.#
#@#
......h5#
#########


You could see Natasha and a white imp.

Vanquished Creatures
  A giant cockroach (D:1)
  2 goblins
  2 hobgoblins (D:1)
  6 jackals (D:1)
  4 bats
  A frilled lizard (D:1)
  3 rats
19 creatures vanquished.

Notes
Turn   | Place    | Note
-------+----------+-------------------------------------------
     0 | D:1      | Masnef the Human Warper began the quest for the Orb.
     0 | D:1      | Reached XP level 1. HP: 16/16 MP: 3/3
    90 | D:1      | Reached XP level 2. HP: 15/22 MP: 5/5
   332 | D:1      | Learned a level 2 spell: Blink
   335 | D:1      | Learned a level 2 spell: Shroud of Golubria
   701 | D:2      | Reached XP level 3. HP: 27/27 MP: 6/6
   841 | D:2      | Noticed Natasha
   850 | D:2      | Killed from afar by a white imp

Levels and vault maps discovered:
D:1:      lightli_arrival_lavapool, layout_basic
D:2:      layout_loops_corners, uniq_terence, uniq_natasha

Skill      XL: |  1  2 |
---------------+-------+-----
Long Blades    | 3 |  3.1
Fighting       | |  2.0
Throwing       | |  1.0
Armour         | |  1.0
Dodging        | |  2.0
Spellcasting   | |  2.0
Translocations | |  3.1

Action                   || total
-------------------------++-------
Melee: Falchion          ||    53
Armor: Leather armour    ||    18
Dodge: Dodged            ||    49
Block: Buckler           ||     1
       Rpst.: Falchion   ||    19

Table legend:
 A = Non-vault XP
 B = Vault XP
 C = Vault XP percentage of total XP
 D = Non-vault monster count
 E = Vault monster count
 F = Vault count percentage of total count
                 A         B        C        D         E       F
            +---------+---------+-------+---------+---------+-------
      Total |      32 |       0 |   0.0 |      19 |       0 |   0.0
            +---------+---------+-------+---------+---------+-------
        D:1 |      27 |       0 |   0.0 |      15 |       0 |   0.0
        D:2 |       5 |       0 |   0.0 |       4 |       0 |   0.0
            +---------+---------+-------+---------+---------+-------
